 Dungeon Crawl Stone Soup version 0.30.0-15-g856e2d3f33 (webtiles) character file.

Game seed: 10492996987230043148

116 qw the Chopper (level 5, -1/32 HPs)
             Began as a Gargoyle Fighter on May 19, 2023.
             Slain by an ice devil (7 damage)
             ... summoned by the player character
             ... on level 3 of the Dungeon.
             The game lasted 00:00:42 (1655 turns).

qw the Chopper (Gargoyle Fighter)                   Turns: 1655, Time: 00:00:42

Health: -1/32      AC: 10    Str: 22      XL:     5   Next: 1%
Magic:  5/5        EV: 11    Int:  8      God:
Gold:   84         SH:  4    Dex:  8 (9)  Spells: 4/4 levels left

rFire   . . .        h - +16 obsidian axe {drain, demonic, Mesm Drain Fly SInv}
rCold   . . .        c - +0 buckler
rNeg    + . .        b - +0 scale mail
rPois   inf          (no helmet)
rElec   +            (no cloak)
rCorr   .            (no gloves)
SInv    +            (no boots)
Will    .....        (no amulet) Stlth
                     j - +5 ring of evasion
HPRegen 0.25/turn    (no ring)
MPRegen 0.09/turn

%: no passive effects
@: grasped by roots, flying, mesmerised, constricted
A: sickness immunity, AC +4, negative energy resistance 1, electricity
resistance, torment resistance 1, petrification resistance
a: no special abilities


You were on level 3 of the Dungeon.
You visited 1 branch of the dungeon, and saw 3 of its levels.

You collected 84 gold pieces.


Innate Abilities, Weirdness & Mutations

You are immune to sickness and miasma.
Your stone body is resilient. (AC +4)
You are immune to poison.
You resist negative energy. (rN+)
You are resistant to electric shocks. (rElec)
You are resistant to unholy torment.
You are immune to petrification.


   Skills:
 - Level 3.2 Fighting
 + Level 4.5 Axes
 - Level 3.2 Armour
 - Level 3.2 Shields


You had 4 spell levels left.
You didn't know any spells.
Your spell library was empty.

Inventory:

Hand Weapons
 g - a +0 flail
 h - the +16 obsidian axe (weapon) {drain, demonic, Mesm Drain Fly SInv}
   (You acquired it on level 2 of the Dungeon)

   Mesm:      Its wielder is mesmerised by any visible foes, and it cannot be
   unequipped while any foes are visible.
   SInv:      It lets you see invisible.
   Fly:       It grants you flight.
   Drain:     It drains your maximum health when unequipped.
Missiles
 f - 9 boomerangs (quivered)
Armour
 b - a +0 scale mail (worn)
 c - a +0 buckler (worn)
Jewellery
 j - a +5 ring of evasion (left hand)
Scrolls
 e - a scroll of identify
Potions
 a - a potion of berserk rage {unknown}
 d - a potion of might
 i - a potion of mutation {unknown}
 k - a potion of curing {unknown}

Dungeon Overview and Level Annotations

Branches:
Dungeon (3/15)

Altars:

Shops:
D:1 *

Annotations:
D:3 Ijyb, Jessica


Message History

Ijyb zaps a wand.
The roots erupt in riotous growth!
The grasping roots grab you! The grasping roots constrict you.
You escape the roots grasp.
Terence the Incautious comes into view.
He is wielding a +0 mace.
Ijyb zaps a wand.
The roots erupt in riotous growth!
The grasping roots grab you! The grasping roots constrict you.
You throw a boomerang. The boomerang barely misses Terence.
The grasping roots constrict you.
Jessica the Apprentice Sorceress comes into view.
She is wielding a +0 club.
Ijyb screams, "Die!"
The grasping roots constrict you.
You slice Ijyb!!
Ijyb is almost dead.
Ijyb grins evilly.
Ijyb barely misses you. The grasping roots constrict you.
The grasping roots release their grip on you.
You miss Ijyb.
Ijyb is almost dead.
You hit Terence. You drain Terence. You open a gate to Pandemonium!
A demon appears!
It doesn't seem very happy.
Terence closely misses you. Ijyb barely misses you. Terence misses you.
Ijyb zaps a wand.
The roots erupt in riotous growth!
The grasping roots grab you!
Ijyb is unaffected.
Terence is unaffected.
The grasping roots constrict you.
You barely miss Ijyb.
Ijyb is almost dead.
You slash Terence!
You kill Terence!
Ijyb hits you with a +0 club. The grasping roots constrict you.
You feel your intelligence returning.
You have reached level 5!
You barely miss Ijyb.
Ijyb is almost dead.
You closely miss Jessica. You hit the ice devil.
Visions of slaying the ice devil flood into your mind.
Ijyb barely misses you. The grasping roots constrict you.
Jessica hits you with a +0 club. The ice devil hits you!
You die...

.#.# .<.# #.... .###
#...# ...### #...#
.....# #...# .
.#.#.####...##########.#
.#.....................#
.#....).........4.......
.##...)...).....@g......
.###.####...#####@$.....
.....# #...# .......
###### #...# .##.##.
#...# .. .. #...# ## ##
#...# ..... ##.##


You could see an ice devil (summoned, mesmerising), Ijyb and Jessica.

Vanquished Creatures
  Terence (D:3)
  Natasha (twice) (D:2)
  An adder (D:2)
  A dart slug (D:1)
  5 ball pythons
  4 endoplasms
  A giant cockroach (D:1)
  4 goblins
  A hobgoblin (D:1)
  2 jackals (D:2)
  A quokka (D:2)
  A bat (D:2)
  3 frilled lizards
  2 kobolds
  4 rats
33 creatures vanquished.

Notes
Turn   | Place    | Note
-------+----------+-------------------------------------------
     0 | D:1      | qw the Gargoyle Fighter began the quest for the Orb.
     0 | D:1      | Reached XP level 1. HP: 14/14 MP: 1/1
     0 | D:1      | 0 ||| qw: Version: 0.2-a-96-g8eb1148
     0 | D:1      | 0 ||| qw: Game counter: 18
     0 | D:1      | 0 ||| qw: Always use a shield: true
     0 | D:1      | 0 ||| qw: God list: Okawaru
     0 | D:1      | 0 ||| qw: Allow faded altars: false
     0 | D:1      | 0 ||| qw: Do Orc after D:15 true
     0 | D:1      | 0 ||| qw: Do second Lair branch before Depths: true
     0 | D:1      | 0 ||| qw: Lair rune preference: random
     0 | D:1      | 0 ||| qw: Plans: Normal, Zot:1-4, God:TSO, Crypt, Tomb,
                  | Pan, Slime:5, Hells, Abyss, Win
     0 | D:1      | 0 ||| PLANNING D:1-11
   209 | D:1      | Reached skill level 2 in Axes
   215 | D:1      | Reached XP level 2. HP: 19/19 MP: 2/2
   252 | D:1      | Found a faded altar of an unknown god.
   286 | D:1      | Found Colabbea's General Store.
   295 | D:1      | 295 ||| SHOPLISTING potion of attraction (33 gold, have
                  | 30).
   295 | D:1      | 295 ||| SHOPLISTING ring of willpower (275 gold, have 30).
   490 | D:1      | 490 ||| DROPPING +0 club.
   651 | D:1      | 651 ||| READING scroll labelled INUTAO XIHEAS.
   652 | D:1      | 652 ||| DRINKING 2 golden potions.
   653 | D:1      | 653 ||| DRINKING 2 sedimented ruby potions.
   654 | D:1      | 654 ||| DROPPING potion of degeneration.
   732 | D:2      | 732 ||| Stepping ~*~*~tactically~*~*~ (stealth).
   737 | D:2      | Reached skill level 3 in Axes
   765 | D:2      | Reached XP level 3. HP: 19/23 MP: 3/3
   840 | D:2      | 840 ||| DROPPING +0 whip.
   887 | D:2      | Noticed Natasha
   902 | D:2      | HP: 4/23 [Natasha (5)]
   903 | D:2      | 903 ||| DRINKING potion of heal wounds.
   905 | D:2      | Killed Natasha
   906 | D:2      | Reached XP level 4. HP: 21/28 MP: 4/4
  1138 | D:2      | 1138 ||| Stepping ~*~*~tactically~*~*~ (hiding).
  1174 | D:2      | 1174 ||| Stepping ~*~*~tactically~*~*~ (stealth).
  1176 | D:2      | 1176 ||| Stepping ~*~*~tactically~*~*~ (hiding).
  1338 | D:2      | Noticed Natasha
  1339 | D:2      | 1339 ||| Stepping ~*~*~tactically~*~*~ (hiding).
  1341 | D:2      | 1341 ||| Stepping ~*~*~tactically~*~*~ (hiding).
  1348 | D:2      | Killed Natasha
  1349 | D:2      | Reached skill level 4 in Axes
  1556 | D:2      | 1556 ||| UPGRADING to +5 ring of evasion.
  1557 | D:2      | 1557 ||| READING 2 scrolls labelled UQECOA NAHUG.
  1558 | D:2      | 1558 ||| READING scroll labelled AGIREI TUEPN.
  1558 | D:2      | Identified a scroll of acquirement
  1558 | D:2      | 1558 ||| ACQUIRING +16 obsidian axe {drain, demonic, Mesm
                  | Drain Fly SInv}
  1558 | D:2      | Acquired the +16 obsidian axe {drain, demonic, Mesm Drain
                  | Fly SInv}
  1558 | D:2      | Found the +16 obsidian axe {drain, demonic, Mesm Drain Fly
                  | SInv}
  1560 | D:2      | 1560 ||| SWAPPING to +16 obsidian axe {drain, demonic, Mesm
                  | Drain Fly SInv}.
  1561 | D:2      | 1561 ||| DROPPING +0 war axe.
  1623 | D:3      | 1623 ||| Stepping ~*~*~tactically~*~*~ (hiding).
  1624 | D:3      | 1624 ||| Stepping ~*~*~tactically~*~*~ (hiding).
  1625 | D:3      | 1625 ||| Stepping ~*~*~tactically~*~*~ (hiding).
  1627 | D:3      | 1627 ||| Stepping ~*~*~tactically~*~*~ (hiding).
  1647 | D:3      | Noticed Ijyb
  1650 | D:3      | Noticed Terence
  1651 | D:3      | Noticed Jessica
  1653 | D:3      | Noticed an ice devil
  1654 | D:3      | Killed Terence
  1655 | D:3      | Reached XP level 5. HP: 11/32 MP: 5/5
  1655 | D:3      | HP: 6/32 [Jessica/+0 club (6)]
  1655 | D:3      | Slain by an ice devil

Levels and vault maps discovered:
D:1:      psy_arrival_terrarium, layout_basic,
          shapermc_ecumenical_altar_acropolis, serial_shops,
          nicolae_shop_tiny_statue_garden
D:2:      layout_basic, uniq_natasha
D:3:      layout_loops_cross, nicolae_overflow_crystal_walls, uniq_ijyb,
          uniq_jessica, uniq_terence

Skill      XL: |  1  2  3  4 |
---------------+-------------+-----
Axes           | 2 3 4 |  4.5
Fighting       | |  3.2
Armour         | |  3.2
Shields        | |  3.2

Action                     |  1- 3 |  4- 6 || total
---------------------------+-------+-------++-------
  Melee: War axe           |    77 |    20 ||    97
         Broad axe         |       |     8 ||     8
  Throw: Boomerang         |       |     7 ||     7
    Use: Potion            |     3 |       ||     3
         Scroll            |     1 |     2 ||     3
 Armour: Scale mail        |    46 |     6 ||    52
  Dodge: Dodged            |    30 |    20 ||    50
  Block: Buckler           |    10 |     4 ||    14

Table legend:
 A = Non-vault XP
 B = Vault XP
 C = Vault XP percentage of total XP
 D = Non-vault monster count
 E = Vault monster count
 F = Vault count percentage of total count
                 A         B        C        D         E       F
            +---------+---------+-------+---------+---------+-------
      Total |      96 |      71 |  42.5 |      31 |       2 |   6.1
            +---------+---------+-------+---------+---------+-------
        D:1 |      23 |       0 |   0.0 |      14 |       0 |   0.0
        D:2 |      69 |      35 |  33.7 |      15 |       1 |   6.2
        D:3 |       4 |      36 |  90.0 |       2 |       1 |  33.3
            +---------+---------+-------+---------+---------+-------
